 Dungeon Crawl Stone Soup version 0.31-a0-246-g8cbcc1cb85 (webtiles) character file.

Game seed: 11055630630567646862

444 qw the Shooter (level 6, 0/52 HPs)
             Began as a Minotaur Hexslinger on July 12, 2023.
             Succumbed to Robin's poison
             ... on level 3 of the Dungeon.
             The game lasted 00:01:18 (2951 turns).

qw the Shooter (Minotaur Hexslinger)                Turns: 2951, Time: 00:01:18

Health: 0/52       AC:  6    Str: 13    XL:     6   Next: 72%
Magic:  6/6        EV: 11    Int: 10    God:
Gold:   130        SH:  0    Dex: 14    Spells: 6/7 levels left

rFire   . . .        Y - +1 sling
rCold   . . .        (no shield)
rNeg    . . .        f - +0 ring mail
rPois   .            (helmet restricted)
rElec   .            (no cloak)
rCorr   .            (no gloves)
SInv    .            b - +0 pair of boots
Will    .....        (no amulet)
Stlth   +            (no ring)
HPRegen 0.28/turn    (no ring)
MPRegen 0.10/turn

%: no passive effects
@: lethally poisoned (0 -> -28)
A: horns 2, retaliatory headbutt
a: no special abilities


You were on level 3 of the Dungeon.
You visited 1 branch of the dungeon, and saw 3 of its levels.
You also visited: Sewer.

You collected 130 gold pieces.


Innate Abilities, Weirdness & Mutations

You have a pair of horns on your head.
You reflexively headbutt those who attack you in melee.


   Skills:
 - Level 4.0 Fighting
 + Level 7.0 Ranged Weapons
 - Level 1.0 Armour
 - Level 2.1 Dodging
 - Level 1.0 Spellcasting
 - Level 2.0 Hexes


You had 6 spell levels left.
You knew the following spells:

 Your Spells              Type           Power      Damage    Failure   Level
a - Slow                  Hex            16%        N/A       32%         1

Your spell library contained the following spells:

 Spells                   Type           Power      Damage    Failure   Level
 Inner Flame              Hex/Fire       2%         N/A       82%         3
 Portal Projectile        Hex/Tloc       4%         N/A       82%         3
 Cause Fear               Hex            2%         N/A       97%         4

Inventory:

Hand Weapons
 Y - a +1 sling (weapon)
Armour
 b - a +0 pair of boots (worn)
 f - a +0 ring mail (worn)
Scrolls
 d - a scroll of identify
Potions
 a - a potion of mutation {unknown}
 e - a potion of invisibility {unknown}
 g - a potion of might {unknown}
 i - a potion of degeneration {unknown}
 k - a potion of experience {unknown}

Dungeon Overview and Level Annotations

Branches:
Dungeon (3/15)              Sewer (visited)

Altars:

Annotations:
D:3 Robin


Message History

You shoot a sling bullet. The sling bullet hits the goblin.
You kill the goblin!
You shoot a sling bullet. The sling bullet hits Robin.
Robin is lightly wounded.
Robin hits you but does no damage.
You are poisoned.
Robin says, "Feeling lonely?"
Robin hits you but does no damage.
You shoot a sling bullet. The sling bullet hits Robin.
Robin is moderately wounded.
You feel sick.
Robin hits you with a +1 dagger of venom.
You shoot a sling bullet.
The sling bullet hits Robin but does no damage.
Robin is moderately wounded.
You feel sick.
Robin hits you with a +1 dagger of venom.
You are more poisoned.
You shoot a sling bullet. The sling bullet closely misses Robin.
You feel very sick.
Robin hits you with a +1 dagger of venom.
You are more poisoned.
You shoot a sling bullet. The sling bullet hits Robin.
Robin is heavily wounded.
You feel very sick.
Robin hits you with a +1 dagger of venom.
You are lethally poisoned!
You shoot a sling bullet. The sling bullet hits Robin.
Robin is severely wounded.
You feel extremely sick. Robin hits you but does no damage.
You are more poisoned.
Robin hits you but does no damage.
You are more poisoned.
You shoot a sling bullet. The sling bullet closely misses Robin.
You feel extremely sick. Robin completely misses you.
You shoot a sling bullet. The sling bullet hits Robin.
Robin is almost dead.
You die...

#.##### #.#.#........ #.#
####'#.#........
#########.#
#......#........
..........#
#......#........
###########
#......#.#######
#......#.#
..#######......#.#
......)))......#.# ###
.[...)g@.......#.# #..
#########..)...#.# #.#
##+###.#.# #.# ###......)#
#.# #.......#######'#
#................
#...........>....
#..<.............
##########.......###.....#


You could see Robin.

Vanquished Creatures
  4 kobold brigands (Sewer)
  6 adders
  A river rat (Sewer)
  3 worms (Sewer)
  3 orcs (D:3)
  5 ball pythons
  11 endoplasms
  4 giant cockroaches
  10 goblins
  10 hobgoblins
  4 jackals (D:3)
  6 quokkas
  3 bats
  2 frilled lizards
  6 kobolds
  7 rats
85 creatures vanquished.

Notes
Turn   | Place    | Note
-------+----------+-------------------------------------------
     0 | D:1      | qw the Minotaur Hexslinger began the quest for the Orb.
     0 | D:1      | Reached XP level 1. HP: 16/16 MP: 1/1
     0 | D:1      | 0 ||| qw: Version: 0.3-a-52-g30416fa
     0 | D:1      | 0 ||| qw: Game counter: 6515
     0 | D:1      | 0 ||| qw: Melee chars always use a shield: true
     0 | D:1      | 0 ||| qw: God list: Okawaru
     0 | D:1      | 0 ||| qw: Allow faded altars: false
     0 | D:1      | 0 ||| qw: Do Orc after clearing Dungeon:15 true
     0 | D:1      | 0 ||| qw: Do second Lair branch before Depths: true
     0 | D:1      | 0 ||| qw: Lair rune preference: random
     0 | D:1      | 0 ||| qw: Goals: Normal
     0 | D:1      | 0 ||| PLANNING D:1-11
   107 | D:1      | Reached skill level 3 in Ranged Weapons
   107 | D:1      | Reached XP level 2. HP: 23/23 MP: 2/2
   432 | D:1      | 432 ||| DROPPING ring of magical power.
   433 | D:1      | 433 ||| READING scroll labelled TOOSHA JICSU.
   434 | D:1      | 434 ||| DRINKING 3 yellow potions.
   439 | D:1      | 439 ||| DROPPING scroll of poison.
   440 | D:1      | 440 ||| DROPPING 2 potions of ambrosia.
   516 | D:2      | Reached XP level 3. HP: 29/29 MP: 3/3
   610 | D:2      | 610 ||| FLEEEEING.
   731 | D:2      | Found a faded altar of an unknown god.
   769 | D:2      | Reached skill level 4 in Ranged Weapons
  1143 | D:2      | 1143 ||| UPGRADING to +0 pair of boots.
  1148 | D:2      | 1148 ||| UPGRADING to +0 ring mail.
  1158 | D:2      | 1158 ||| DROPPING +0 robe.
  1159 | D:2      | 1159 ||| READING scroll labelled OKERRI BEBRIU.
  1160 | D:2      | 1160 ||| READING 4 scrolls labelled BENODW COIW.
  1163 | D:2      | 1163 ||| READING scroll labelled NOLIQALELA.
  1207 | D:3      | 1207 ||| PLANNING SEWER
  1422 | D:3      | Reached XP level 4. HP: 36/36 MP: 4/4
  1427 | D:3      | Reached skill level 1 in Armour
  1460 | D:3      | Found a glowing drain.
  1469 | Sewer    | Entered a sewer
  1488 | Sewer    | 1488 ||| Stepping ~*~*~tactically~*~*~ (water).
  1493 | Sewer    | Noticed a kobold brigand
  1500 | Sewer    | HP: 8/36 [kobold brigand/+0 dagger (5)]
  1501 | Sewer    | 1501 ||| READING 3 scrolls of teleportation.
  1519 | Sewer    | 1519 ||| Stepping ~*~*~tactically~*~*~ (water).
  1627 | Sewer    | 1627 ||| Stepping ~*~*~tactically~*~*~ (water).
  1651 | Sewer    | Reached skill level 5 in Ranged Weapons
  1730 | Sewer    | 1730 ||| Stepping ~*~*~tactically~*~*~ (water).
  1732 | Sewer    | 1732 ||| Stepping ~*~*~tactically~*~*~ (water).
  1734 | Sewer    | 1734 ||| Stepping ~*~*~tactically~*~*~ (water).
  1807 | Sewer    | HP: 9/37 [kobold brigand/+0 dagger (7)]
  1808 | Sewer    | 1808 ||| READING 2 scrolls of teleportation.
  1913 | Sewer    | 1913 ||| Stepping ~*~*~tactically~*~*~ (water).
  1917 | Sewer    | Killed a kobold brigand
  1918 | Sewer    | Reached XP level 5. HP: 43/46 MP: 5/5
  1944 | Sewer    | 1944 ||| Stepping ~*~*~tactically~*~*~ (outnumbered).
  1947 | Sewer    | 1947 ||| Stepping ~*~*~tactically~*~*~ (outnumbered).
  1958 | Sewer    | HP: 10/46 [kobold brigand/+0 short sword (2)]
  1959 | Sewer    | 1959 ||| READING scroll of teleportation.
  1961 | Sewer    | HP: 3/46 [kobold brigand/+0 club (5)]
  1961 | Sewer    | HP: 1/46 [kobold brigand/+0 short sword (2)]
  1963 | Sewer    | Reached XP level 6. HP: 2/52 MP: 6/6
  1992 | Sewer    | 1992 ||| Stepping ~*~*~tactically~*~*~ (water).
  2154 | Sewer    | 2154 ||| Stepping ~*~*~tactically~*~*~ (water).
  2189 | Sewer    | Reached skill level 6 in Ranged Weapons
  2288 | Sewer    | 2288 ||| Stepping ~*~*~tactically~*~*~ (water).
  2501 | Sewer    | 2501 ||| READING scroll labelled POGEEV XEVUSTI.
  2502 | Sewer    | 2502 ||| READING scroll labelled ANUAGG ENECHO.
  2503 | Sewer    | 2503 ||| DRINKING 2 silvery potions.
  2504 | Sewer    | 2504 ||| DRINKING 3 bubbling red potions.
  2505 | Sewer    | 2505 ||| DROPPING potion of brilliance.
  2506 | Sewer    | 2506 ||| DROPPING 2 potions of magic.
  2534 | D:3      | 2534 ||| PLANNING D:1-11
  2930 | D:3      | Noticed Robin
  2936 | D:3      | Reached skill level 7 in Ranged Weapons
  2950 | D:3      | HP: 6/52 [poisoned by Robin]
  2951 | D:3      | Succumbed to Robin's poison

Levels and vault maps discovered:
D:1:      lightli_arrival_windingriver, layout_rooms
D:2:      layout_basic, basic_ecumenical_altar, minmay_pentomino_o2
D:3:      layout_basic, portal_sewer_entry_d, ebering_dispersal_statue_hall,
          uniq_robin

Skill      XL: |  1  2  3  4  5  6 |
---------------+-------------------+-----
Ranged Weapons | 3 4 5 7 |  7.0
Fighting       | 2 4 |  4.0
Armour         | 1 |  1.0
Dodging        | |  2.1
Spellcasting   | |  1.0
Hexes          | |  2.0

Action                     |  1- 3 |  4- 6 || total
---------------------------+-------+-------++-------
   Fire: Sling             |   127 |   202 ||   329
    Use: Scroll            |     4 |     5 ||     9
         Potion            |     1 |     2 ||     3
 Armour: Robe              |     9 |       ||     9
         Ring mail         |       |    58 ||    58
  Dodge: Dodged            |    30 |    74 ||   104

Table legend:
 A = Non-vault XP
 B = Vault XP
 C = Vault XP percentage of total XP
 D = Non-vault monster count
 E = Vault monster count
 F = Vault count percentage of total count
                 A         B        C        D         E       F
            +---------+---------+-------+---------+---------+-------
      Total |     116 |     519 |  81.7 |      52 |      33 |  38.8
            +---------+---------+-------+---------+---------+-------
        D:1 |      37 |       0 |   0.0 |      21 |       0 |   0.0
        D:2 |      46 |       4 |   8.0 |      21 |       2 |   8.7
        D:3 |      33 |      34 |  50.7 |      10 |      11 |  52.4
      Sewer |       0 |     481 | 100.0 |       0 |      20 | 100.0
            +---------+---------+-------+---------+---------+-------
